[Event "*** Titled Tuesday Blitz"]
[Site "Chess.com"]
[Date "2020.05.12"]
[Round "4"]
[White "TrenerChos"]
[Black "DinaBelenkaya"]
[Result "1-0"]
[WhiteElo "2396"]
[BlackElo "2114"]
[TimeControl "180+1"]
[EndTime "10:36:01 PDT"]
[Termination "TrenerChos won by resignation"]

1. e4 d5 2. exd5 Qxd5 3. Nc3 Qa5 4. d4 c6 5. Nf3 Nf6 6. Bc4 Bf5 7. Bd2 e6 8. O-O Qb6 9. Re1 Be7 10. a3 Nbd7 11. b4 O-O 12. Na4 Qc7 13. Nc5 b6 14. Nb3 Nd5 15.
Ne5 Nxe5 16. dxe5 Rfd8 17. Qc1 h6 18. Bf1 Rd7 19. c4 Rad8 20. cxd5 exd5 21. Nd4 Be4 22. Nxc6 Rc8 23. Nxe7+ Rxe7 24. Qxc7 Rcxc7 25. Rac1 Rxc1 26. Rxc1 Rxe5 27. f3 Bf5 28. Rc7 1-0

[Event "*** Titled Tuesday Blitz"]
[Site "Chess.com"]
[Date "2020.05.12"]
[Round "4"]
[White "SirMittensofMittensville"]
[Black "Duong57"]
[Result "1-0"]
[WhiteElo "2573"]
[BlackElo "2261"]
[TimeControl "180+1"]
[EndTime "10:36:03 PDT"]
[Termination "SirMittensofMittensville won by checkmate"]

1. e4 c5 2. c3 Nf6 3. e5 Nd5 4. Bc4 e6 5. Nf3 d6 6. d4 cxd4 7. cxd4 Nc6 8. Qe2 dxe5 9. dxe5 Bb4+ 10. Nbd2 O-O 11. O-O a6 12. Qe4 b5 13. Bd3 g6 14.
Bc2 Bb7 15. Nb3 Qb6 16. Bh6 Rfd8 17. Qg4 Bf8 18. Bxf8 Kxf8 19. Qh4 h5 20. Qg5 Nde7 21. Qh6+ Ke8 22. Rad1 Ng8 23. Qg7 Ke7 24. Bxg6 Rf8 25. Ng5 Nxe5 26. Qxe5 fxg6 27. Qg7+ Ke8 28. Qd7# 1-0

[Event "*** Titled Tuesday Blitz"]
[Site "Chess.com"]
[Date "2020.05.12"]
[Round "4"]
[White "JozefKneht"]
[Black "ALeks_Ivlev"]
[Result "0-1"]
[WhiteElo "2369"]
[BlackElo "2595"]
[TimeControl "180+1"]
[EndTime "10:36:03 PDT"]
[Termination "ALeks_Ivlev won by resignation"]

1. e4 c5 2. Nf3 d6 3. d4 cxd4 4.
Nxd4 Nf6 5. Nc3 g6 6. Be3 Bg7 7.
f3 O-O 8. Qd2 a6 9. O-O-O b5 10.
Kb1 Bb7 11. h4 h5 12. Bg5 Nbd7 13. Be2 Rc8 14. Nb3 b4 15. Nd5 Bxd5 16. exd5 a5 17. Bb5 Ne5 18. Rhe1 Qb6 19. Ba4 Nc4 20. Qe2 Nxb2 21.
Kxb2 Nxd5+ 22. Kc1 Nc3 23. Qxe7 Nxa2+ 24. Kb1 Nc3+ 25.
Kc1 Nxa4 26. Rxd6 Qb5 27. Bf6 Qc4 28. Rd2 Qxb3 29. Bxg7 Kxg7 0-1

[Event "*** Titled Tuesday Blitz"]
[Site "Chess.com"]
[Date "2020.05.12"]
[Round "4"]
[White "S2PAc"]
[Black "elohunter1999"]
[Result "1-0"]
[WhiteElo "2781"]
[BlackElo "2569"]
[TimeControl "180+1"]
[EndTime "10:36:04 PDT"]
[Termination "S2PAc won by resignation"]

1. d4 Nf6 2. g3 c5 3. d5 b5 4.
a4 b4 5. c4 g6 6. b3 Bg7 7.
Bb2 O-O 8. Bg2 d6 9. Nd2 Bb7 10. Ngf3 e6 11. dxe6 fxe6 12. O-O Qe7 13. Qc2 Nc6 14.
Rad1 Rad8 15. Ng5 a5 16. e3 Kh8 17. h4 h6 18. Nh3 Qf7 19. Nf4 e5 20. Nxg6+ Kg8 21.
Nxf8 Rxf8 22. Ne4 Nxe4 23. Bxe4 Qe7 24. Bd5+ Kh8 25. Qe4 Nd8 26. Bxb7 Nxb7 27. f4 1-0

[Event "*** Titled Tuesday Blitz"]
[Site "Chess.com"]
[Date "2020.05.12"]
[Round "4"]
[White "guillembaches"]
[Black "HarryCun"]
[Result "1-0"]
[WhiteElo "2415"]
[BlackElo "2183"]
[TimeControl "180+1"]
[EndTime "10:36:09 PDT"]
[Termination "guillembaches won by resignation"]

1. e4 c6 2. Nf3 d5 3. Nc3 dxe4 4. Nxe4 Bf5 5. Qe2 e6 6. g3 Nf6 7. Nxf6+ Qxf6 8. d3 Bc5 9. Bg2 Qd8 10. Qe5 Bf8 11. Nh4 Bg6 12. Bg5 f6 13. Qxe6+ Qe7 14. Qxe7+ Bxe7 15. Nxg6 hxg6 16. Be3 Kf7 17. h4 Nd7 18. O-O-O Rhe8 19. Rhe1 Ne5 20. f3 Bd6 21. Bf2 a6 22. Re4 f5 23.
Re2 Nd7 24. Rde1 Rxe2 25. Rxe2 Nf6 26. c4 b5 27. f4 Rc8 28. Bf3 c5 29. b3 b4 30. Kc2 a5 31. d4 a4 32. dxc5 Bxc5 33. Bxc5 Rxc5 34. Kd3 axb3 35. axb3 Ra5 36. Kd4 Ra3 37. Re3 Nd7 38. c5 Nb6 39. cxb6 1-0

[Event "*** Titled Tuesday Blitz"]
[Site "Chess.com"]
[Date "2020.05.12"]
[Round "4"]
[White "thedjoker98"]
[Black "francyIM"]
[Result "0-1"]
[WhiteElo "2472"]
[BlackElo "2670"]
[TimeControl "180+1"]
[EndTime "10:36:10 PDT"]
[Termination "francyIM won by resignation"]

1. d4 e6 2. c4 Nf6 3. Nc3 Bb4 4.
g3 O-O 5. Bg2 d5 6. Nf3 dxc4 7.
O-O Nc6 8. Qa4 Nd5 9. Qc2 Be7 10. Rd1 Rb8 11. e4 Ndb4 12. Qe2 b5 13. d5 exd5 14. exd5 Na5 15. Be3 Re8 16. Bxa7 Bc5 17. Qxe8+ Qxe8 18. Bxb8 Na6 19. Re1 Qd8 20. Nxb5 Nxb8 21. Ne5 h5 22.
Rad1 Qf6 23. Re2 Bd6 24. Nxd6 cxd6 25. Nc6 Naxc6 26. Re8+ Kh7 27. dxc6 Bg4 28. f3 Bxf3 29. Rxb8 Bxd1 30. c7 Bg4 31. Be4+ g6 0-1

[Event "*** Titled Tuesday Blitz"]
[Site "Chess.com"]
[Date "2020.05.12"]
[Round "4"]
[White "Onischuk_V"]
[Black "PavelShkapenko"]
[Result "1-0"]
[WhiteElo "2839"]
[BlackElo "2634"]
[TimeControl "180+1"]
[EndTime "10:36:11 PDT"]
[Termination "Onischuk_V won by resignation"]

1. e4 e5 2. Nf3 Nc6 3. Bc4 Bc5 4. d3 Nf6 5. O-O O-O 6. Nbd2 a6 7. Bb3 d6 8. c3 Ba7 9. h3 Ne7 10. Re1 Ng6 11. Nf1 Nh5 12. d4 h6 13. Nxe5 dxe5 14. Qxh5 Qf6 15. Be3 exd4 16. cxd4 Nf4 17. Bxf4 Qxf4 18.
Rad1 c5 19. dxc5 Qg5 20. Qxg5 hxg5 21. Rc1 Bd7 22. Bd5 Rac8 23. b4 Rc7 24. Ne3 a5 25. a3 axb4 26. axb4 Bb5 27. Nf5 Rd8 28. Nd6 Bc6 29.
Bxc6 bxc6 30. e5 Rb8 31. Rc4 Re7 32. Ra1 Rd8 33. Ra6 Rdd7 34. Rxc6 Rxe5 35. Re4 Rxd6 36. Rc8+ 1-0

[Event "*** Titled Tuesday Blitz"]
[Site "Chess.com"]
[Date "2020.05.12"]
[Round "4"]
[White "ezkybel"]
[Black "A-Fier"]
[Result "0-1"]
[WhiteElo "2511"]
[BlackElo "2765"]
[TimeControl "180+1"]
[EndTime "10:36:13 PDT"]
[Termination "A-Fier won by resignation"]

1. e4 c5 2. Nf3 e6 3. b3 Nc6 4. Bb2 a6 5. c4 Qc7 6. Nc3 Nf6 7. Bd3 Bd6 8. O-O g5 9. Nd5 exd5 10. Bxf6 dxc4 11.
Bxc4 Rg8 12. Nxg5 Ne5 13. Qh5 Rxg5 14. Qxg5 Nxc4 15. Qg8+ Bf8 16. Bg7 Qd6 17. bxc4 b6 18. d4 cxd4 19. Rad1 Bb7 20. Rxd4 Qe7 21. Bxf8 Qxf8 22.
Qxf8+ Kxf8 23. Rxd7 Bxe4 24. Re1 Bf5 25. Rb7 Be6 26.
Rxb6 Bxc4 27. a4 Kg7 28. h3 Rd8 29. Re4 Bd3 30. Rg4+ Kf8 31. Kh2 Rd5 32. Rb8+ Ke7 33. Rf4 Rd7 34. h4 h5 35. Rc8 Bg6 36. Rc7 Rxc7 0-1

[Event "*** Titled Tuesday Blitz"]
[Site "Chess.com"]
[Date "2020.05.12"]
[Round "4"]
[White "Ekka83"]
[Black "SameerMujumdar"]
[Result "1-0"]
[WhiteElo "2373"]
[BlackElo "2171"]
[TimeControl "180+1"]
[EndTime "10:36:18 PDT"]
[Termination "Ekka83 won by resignation"]

1. e4 c5 2. Nf3 d6 3. d4 cxd4 4. Qxd4 Nf6 5. Nc3 Bd7 6. Bc4 Nc6 7. Qd3 e6 8. Bg5 a6 9. O-O-O Qc7 10. Kb1 Be7 11.
Bxf6 gxf6 12. Rhe1 b5 13. Bb3 Rg8 14. g3 Qb6 15.
Rd2 Rc8 16. e5 fxe5 17. Nxe5 Nxe5 18. Rxe5 Rg5 19. Rxg5 Bxg5 20. f4 Be7 21. Qxh7 b4 22. Nd1 a5 23. f5 d5 24. fxe6 Bxe6 25. Bxd5 Rd8 26. Qg8+ Bf8 27. Bxe6 Rxd2 28. Qxf7+ Kd8 29.
Qxf8+ Kc7 30. Qc8+ Kd6 31. Qd7+ 1-0

[Event "*** Titled Tuesday Blitz"]
[Site "Chess.com"]
[Date "2020.05.12"]
[Round "4"]
[White "OK97"]
[Black "Mfcyryd"]
[Result "1/2-1/2"]
[WhiteElo "2768"]
[BlackElo "2566"]
[TimeControl "180+1"]
[EndTime "10:36:19 PDT"]
[Termination "Game drawn by agreement"]

1. e4 c6 2. d4 d5 3. e5 Bf5 4. h4 h6 5. g4 Bc8 6. h5 c5 7. dxc5 Nc6 8. f4 Qa5+ 9. c3 Qxc5 10. Bg2 d4 11. b4 Qb6 12. a3 a5 13.
Qa4 Bxg4 14. b5 Na7 15. cxd4 Rd8 16. Be3 Bd7 17. Nd2 Bxb5 18. Qc2 e6 19. Rb1 1/2-1/2

[Event "*** Titled Tuesday Blitz"]
[Site "Chess.com"]
[Date "2020.05.12"]
[Round "4"]
[White "saikrishnaReturns"]
[Black "WastefulJustice"]
[Result "1-0"]
[WhiteElo "2596"]
[BlackElo "2382"]
[TimeControl "180+1"]
[EndTime "10:36:20 PDT"]
[Termination "saikrishnaReturns won by resignation"]

1. e4 e6 2. d3 d5 3. Nd2 Nf6 4. Ngf3 Nc6 5. g3 Be7 6. Bg2 dxe4 7. dxe4 e5 8. O-O O-O 9. h3 Be6 10. c3 h6 11. Qe2 Nd7 12. Nc4 f6 13. Nh4 Qe8 14. Ne3 Bd8 15. Nhf5 Ne7 16. Qg4 Nxf5 17. Nxf5 Bxf5 18. Qxf5 Nc5 19. Be3 Ne6 20. h4 g6 21.
Qg4 c6 22. Bxh6 Rf7 23. Qxg6+ Ng7 24. Bxg7 1-0

[Event "*** Titled Tuesday Blitz"]
[Site "Chess.com"]
[Date "2020.05.12"]
[Round "4"]
[White "garicradomir"]
[Black "Juanovic"]
[Result "0-1"]
[WhiteElo "2331"]
[BlackElo "2179"]
[TimeControl "180+1"]
[EndTime "10:36:20 PDT"]
[Termination "Juanovic won on time"]

1. e4 c5 2. Nf3 Nc6 3. Bb5 Nd4 4. Nxd4 cxd4 5. O-O g6 6. c3 dxc3 7. dxc3 a6 8. Bd3 Bg7 9. Bg5 d5 10. Qe2 Nf6 11.
e5 Ne4 12. Bxe4 dxe4 13. Qxe4 O-O 14. Na3 Bf5 15. Qe3 b5 16. Bh6 Bxh6 17. Qxh6 b4 18. cxb4 Qd4 19. Qe3 Qxb2 20. h3 Rfc8 21. Rac1 Qxa2 0-1

[Event "*** Titled Tuesday Blitz"]
[Site "Chess.com"]
[Date "2020.05.12"]
[Round "4"]
[White "TST2014"]
[Black "vugarrasulov"]
[Result "1-0"]
[WhiteElo "2594"]
[BlackElo "2778"]
[TimeControl "180+1"]
[EndTime "10:36:24 PDT"]
[Termination "TST2014 won by resignation"]

1. d4 Nf6 2. c4 e6 3. Nf3 b6 4. a3 c5 5. d5 Ba6 6. Qc2 exd5 7.
cxd5 d6 8. Nc3 g6 9. e4 Bxf1 10. Kxf1 Bg7 11. g3 O-O 12. Kg1 Re8 13. Kg2 Ng4 14.
Bg5 Qd7 15. a4 Na6 16. h3 Nb4 17. Qd2 Ne5 18. Nxe5 Bxe5 19. Rhe1 c4 20. Re2 a6 21.
Bf4 Bxf4 22. Qxf4 Nd3 23. Qe3 b5 24. axb5 axb5 25. Rxa8 Rxa8 26. Qb6 b4 27. Nb5 Ra1 28. Nxd6 Ne1+ 29. Rxe1 Rxe1 30. Qb8+ Kg7 31. Ne8+ Kh6 32. Qf4+ 1-0

[Event "*** Titled Tuesday Blitz"]
[Site "Chess.com"]
[Date "2020.05.12"]
[Round "4"]
[White "chegueps"]
[Black "chenrip"]
[Result "1/2-1/2"]
[WhiteElo "2501"]
[BlackElo "2331"]
[TimeControl "180+1"]
[EndTime "10:36:24 PDT"]
[Termination "Game drawn by repetition"]

1. g3 Nf6 2. f4 g6 3. Bg2 Bg7 4.
d3 O-O 5. Nd2 d5 6. Ngf3 b5 7.
O-O Bb7 8. a4 b4 9. Ne5 Nbd7 10.
Ndf3 c5 11. c3 a5 12. Bd2 Qb6 13. c4 d4 14. e4 dxe3 15. Bxe3 Rad8 16. Qe2 Nxe5 17.
Nxe5 Bxg2 18. Qxg2 Rd6 19. Qf2 Rc8 20. Rfe1 h5 21.
Rad1 Ng4 22. Nxg4 hxg4 23. b3 e6 24. Qe2 f5 25. Qf2 Kf7 26. Re2 Qc6 27. d4 cxd4 28. Bxd4 Rcd8 29. Red2 Bxd4 30. Rxd4 Rxd4 31. Rxd4 Rxd4 32.
Qxd4 Qf3 33. Qd7+ Kf6 34. Qd8+ Kf7 35. Qd7+ Kf6 36. Qd8+ Kf7 37. Qd7+ 1/2-1/2

[Event "*** Titled Tuesday Blitz"]
[Site "Chess.com"]
[Date "2020.05.12"]
[Round "4"]
[White "tgpgoat"]
[Black "Nara_Kh"]
[Result "0-1"]
[WhiteElo "2087"]
[BlackElo "2306"]
[TimeControl "180+1"]
[EndTime "10:36:24 PDT"]
[Termination "Nara_Kh won by resignation"]

1. e4 d6 2. Nf3 Nf6 3. Nc3 g6 4. d4 Bg7 5. Bg5 O-O 6. Bc4 c6 7. O-O b5 8. Bd3 Nbd7 9. Re1 e5 10. dxe5 dxe5 11. Ne2 Qe7 12. c3 Bb7 13. Ng3 Rad8 14. Qe2 Nc5 15. Bc2 h6 16. Be3 Ng4 17. Bd2 Rfe8 18.
h3 Nf6 19. Rad1 Ncd7 20. Be3 c5 21. Rd2 c4 22. Red1 a6 23. a4 Nh7 24. axb5 axb5 25.
Rd6 Ndf8 26. Rxd8 Rxd8 27. Rxd8 Qxd8 28. Qd2 Qxd2 29. Nxd2 Ne6 30. Nb1 Nhf8 31. Na3 Bc6 32. Bc5 Nxc5 0-1

[Event "*** Titled Tuesday Blitz"]
[Site "Chess.com"]
[Date "2020.05.12"]
[Round "4"]
[White "googlegoom"]
[Black "GreatOwl02"]
[Result "0-1"]
[WhiteElo "2539"]
[BlackElo "2348"]
[TimeControl "180+1"]
[EndTime "10:36:26 PDT"]
[Termination "GreatOwl02 won by resignation"]

1. Nf3 d5 2. b3 Nf6 3. Bb2 g6 4. e3 Bg7 5. Be2 O-O 6. O-O c5 7. d4 b6 8. Nbd2 Bb7 9. c4 Nbd7 10. Rc1 e6 11. Rc2 Rc8 12. Qa1 Qe7 13. Rfc1 cxd4 14.
Nxd4 e5 15. Nb5 a6 16. Ba3 Nc5 17. Nc3 d4 18. Na4 dxe3 19. fxe3 Qc7 20. Nxc5 bxc5 21.
Bb2 Rfe8 22. Bf3 Bxf3 23. Nxf3 Ng4 24. Re1 Bh6 25. Rce2 e4 26. Qc1 exf3 27. gxf3 Ne5 28.
Kg2 Nd3 29. Qc3 Nxe1+ 30. Rxe1 f6 31. Qxf6 Bg7 0-1

[Event "*** Titled Tuesday Blitz"]
[Site "Chess.com"]
[Date "2020.05.12"]
[Round "4"]
[White "harkerchess"]
[Black "leoduarte"]
[Result "0-1"]
[WhiteElo "1983"]
[BlackElo "2373"]
[TimeControl "180+1"]
[EndTime "10:36:27 PDT"]
[Termination "leoduarte won by checkmate"]

1. d4 Nf6 2. Bg5 e6 3. e4 h6 4. Bxf6 Qxf6 5. c3 b6 6. Bd3 c5 7. Ne2 Bb7 8. O-O Qd8 9. f4 Be7 10. f5 exf5 11. Rxf5 d6 12. dxc5 O-O 13. cxd6 Bxd6 14.
e5 Bc5+ 15. Kh1 Nc6 16. Na3 g6 17. Rf1 Nxe5 18. Bc2 Qg5 19. Ng3 Ng4 20. Qd7 Qh4 21. h3 Qxh3# 0-1

[Event "*** Titled Tuesday Blitz"]
[Site "Chess.com"]
[Date "2020.05.12"]
[Round "4"]
[White "wild_cat99"]
[Black "AlexTriapishko"]
[Result "1/2-1/2"]
[WhiteElo "2599"]
[BlackElo "2764"]
[TimeControl "180+1"]
[EndTime "10:36:29 PDT"]
[Termination "Game drawn by repetition"]

1. Nf3 Nf6 2. c4 b6 3. Nc3 Bb7 4. Qc2 Bxf3 5. gxf3 c5 6. Bg2 Nc6 7. f4 g6 8. e4 Bg7 9. e5 Nh5 10. Qe4 f5 11. exf6 Nxf6 12. Qf3 O-O 13. d3 Rc8 14.
Be3 Nh5 15. Bh3 e6 16. Rg1 Nd4 17. Bxd4 Rxf4 18. Qxh5 cxd4 19. Ne2 gxh5 20. Nxf4 Qh4 21. Nxe6 Qxh3 22. Rxg7+ Kh8 23. Rxh7+ Kg8 24. Rg7+ Kh8 25. Rh7+ Kg8 26. Rg7+ Kh8 27. Rh7+ 1/2-1/2

[Event "*** Titled Tuesday Blitz"]
[Site "Chess.com"]
[Date "2020.05.12"]
[Round "4"]
[White "ThePatrick27"]
[Black "Sychev_Klementy"]
[Result "0-1"]
[WhiteElo "2528"]
[BlackElo "2852"]
[TimeControl "180+1"]
[EndTime "10:36:29 PDT"]
[Termination "Sychev_Klementy won by resignation"]

1. d4 Nf6 2. c4 g6 3. Nc3 d5 4.
cxd5 Nxd5 5. e4 Nxc3 6. bxc3 Bg7 7. Be3 c5 8. Nf3 Qa5 9. Qd2 Nc6 10. Rc1 cxd4 11. cxd4 Qxd2+ 12. Kxd2 O-O 13. d5 Rd8 14. Ke1 Nb4 15. Bc4 e6 16. dxe6 Bxe6 17. a3 Nd3+ 18. Bxd3 Rxd3 19. Ke2 Rxa3 20. Rc7 b5 21. Ng5 Bc4+ 22.
Kf3 h6 23. Nh3 g5 24. Rd1 a5 25. g3 g4+ 0-1

[Event "*** Titled Tuesday Blitz"]
[Site "Chess.com"]
[Date "2020.05.12"]
[Round "4"]
[White "Ati1517"]
[Black "Dixit_Nikhil"]
[Result "0-1"]
[WhiteElo "2283"]
[BlackElo "2501"]
[TimeControl "180+1"]
[EndTime "10:36:29 PDT"]
[Termination "Dixit_Nikhil won by resignation"]

1. d4 Nf6 2. c4 g6 3. Nf3 Bg7 4. Nc3 O-O 5. g3 b6 6. Bg2 Bb7 7. O-O Ne4 8. Qc2 Nxc3 9. bxc3 d6 10. e4 Nd7 11. Rb1 c5 12. d5 Ne5 13. Nxe5 Bxe5 14.
f4 Bg7 15. Qe2 Qd7 16. e5 Ba6 17. Rf3 Qa4 18. Bf1 Rad8 19. Rb3 Rfe8 20. Ra3 Bxc4 21. Qxc4 Qd1 22. Rxa7 Qxc1 23. e6 f5 0-1

[Event "*** Titled Tuesday Blitz"]
[Site "Chess.com"]
[Date "2020.05.12"]
[Round "4"]
[White "Djager97"]
[Black "manitodeplomo"]
[Result "0-1"]
[WhiteElo "2411"]
[BlackElo "2609"]
[TimeControl "180+1"]
[EndTime "10:36:30 PDT"]
[Termination "manitodeplomo won by resignation"]

1. e4 c5 2. Nf3 e6 3. d4 cxd4 4. Nxd4 a6 5. Bd3 g6 6. O-O Bg7 7. Be3 Ne7 8. c4 O-O 9. Nc3 d5 10. Rc1 e5 11. Nxd5 Nxd5 12. cxd5 exd4 13. Bf4 Nd7 14.
Bc7 Qe7 15. f4 Nf6 16. d6 Qe6 17. e5 Ng4 18. f5 Qxe5 19. Qxg4 Qe3+ 20. Kh1 Qxd3 21.
Rcd1 Bxf5 22. Qh4 Qb5 0-1

[Event "*** Titled Tuesday Blitz"]
[Site "Chess.com"]
[Date "2020.05.12"]
[Round "4"]
[White "BigAl"]
[Black "FeketeBarika"]
[Result "1-0"]
[WhiteElo "2464"]
[BlackElo "2298"]
[TimeControl "180+1"]
[EndTime "10:36:32 PDT"]
[Termination "BigAl won by checkmate"]

1. e4 e6 2. d3 d5 3. Nd2 Ne7 4. Ngf3 c5 5. g3 g6 6. Bg2 Bg7 7. O-O Nbc6 8. exd5 Nxd5 9. Nb3 b6 10. d4 c4 11. Nbd2 b5 12. c3 O-O 13. Re1 Bb7 14.
Ne4 a5 15. Nc5 Ra7 16. Bg5 Qc7 17. Qd2 b4 18. Rac1 b3 19. a3 a4 20. Bh6 Ba8 21. Bxg7 Kxg7 22. Rxe6 Nf6 23. Rxf6 Kxf6 24. Qh6 Ke7 25.
Re1+ Kd8 26. Qxf8# 1-0

[Event "*** Titled Tuesday Blitz"]
[Site "Chess.com"]
[Date "2020.05.12"]
[Round "4"]
[White "ADODOVE"]
[Black "SharapovEvgeny"]
[Result "0-1"]
[WhiteElo "2008"]
[BlackElo "2376"]
[TimeControl "180+1"]
[EndTime "10:36:41 PDT"]
[Termination "SharapovEvgeny won by resignation"]

1. e4 c5 2. Nf3 d6 3. d4 cxd4 4. Nxd4 Nf6 5. Nc3 Nc6 6. Bg5 Qb6 7. Nb3 e6 8. Qd2 Be7 9. O-O-O O-O 10. f4 Rd8 11. h4 a5 12. a4 Nb4 13. h5 Bd7 14. h6 g6 15. f5 exf5 16. Bc4 Rac8 17. Bxf6 Bxf6 18. Nd5 Nxd5 19. Bxd5 Bxa4 20. exf5 Bxb3 21. Bxb3 Qxb3 22. c3 Bxc3 23. bxc3 Rxc3+ 24. Qxc3 Qxc3+ 25. Kb1 Qb3+ 26. Ka1 gxf5 27. Rhe1 Kf8 28. Rd2 Re8 29. Rc1 Qa3+ 30. Kb1 Re4 31. Rc8+ Ke7 32. Rc7+ Ke6 0-1

[Event "*** Titled Tuesday Blitz"]
[Site "Chess.com"]
[Date "2020.05.12"]
[Round "4"]
[White "Hikaru"]
[Black "SpasKozhuharov"]
[Result "1-0"]
[WhiteElo "3239"]
[BlackElo "2662"]
[TimeControl "180+1"]
[EndTime "10:36:42 PDT"]
[Termination "Hikaru won by resignation"]

1. Nf3 d5 2. e3 Nf6 3. c4 e6 4. b3 Be7 5. Bb2 O-O 6. d4 b6 7.
Bd3 Bb7 8. cxd5 exd5 9. O-O Nbd7 10. Ne5 Nxe5 11. dxe5 Ne4 12. Nc3 f5 13. Ne2 Nc5 14. Bc2 Ne6 15. a3 c5 16. b4 cxb4 17. axb4 Bxb4 18.
Bb3 Qd7 19. Qb1 f4 20. exf4 Nxf4 21. Nxf4 Rxf4 22. Bc1 Re4 23. Bc2 Rc4 24. Bxh7+ Kh8 25. Bd3 Rh4 26. Bg5 Qg4 27. Bxh4 Qxh4 28. Ba6 Bc6 29. Qd3 Bc5 30. Qg3 Qh5 31. Kh1 d4 32. Bd3 Rf8 33. Rxa7 g5 34. f4 g4 35. Rh7+ 1-0

[Event "*** Titled Tuesday Blitz"]
[Site "Chess.com"]
[Date "2020.05.12"]
[Round "4"]
[White "albi1999"]
[Black "mjray79"]
[Result "0-1"]
[WhiteElo "2557"]
[BlackElo "2269"]
[TimeControl "180+1"]
[EndTime "10:36:42 PDT"]
[Termination "mjray79 won by resignation"]

1. d4 Nf6 2. c4 g6 3. Nc3 Bg7 4. e4 d6 5. h3 O-O 6. Be3 e5 7. d5 Nh5 8. g3 Na6 9. Nge2 f5 10.
exf5 gxf5 11. Qc2 f4 12. gxf4 exf4 13. Bd4 Bf5 14. Qd2 Nb4 15. Bxg7 Nd3+ 16. Kd1 Nxf2+ 17. Kc1 Nxg7 18. Rg1 Nd3+ 19. Kd1 f3 20. Nd4 Ne5 21.
Qh6 Bg6 22. h4 f2 23. Rg3 Qf6 24. h5 Bc2+ 0-1

[Event "*** Titled Tuesday Blitz"]
[Site "Chess.com"]
[Date "2020.05.12"]
[Round "4"]
[White "NefeLV"]
[Black "PauloCesarCosta_sad"]
[Result "0-1"]
[WhiteElo "1792"]
[BlackElo "2193"]
[TimeControl "180+1"]
[EndTime "10:36:45 PDT"]
[Termination "PauloCesarCosta_sad won on time"]

1. c4 c5 2. Nc3 Nc6 3. e3 Nf6 4. d4 cxd4 5. exd4 d5 6. Nf3 e6 7. Be2 Be7 8. O-O O-O 9. Ne5 dxc4 10. Be3 Nd5 11. Bxc4 Nxe3 12. fxe3 Nxe5 13. dxe5 Qxd1 14. Raxd1 Bc5 15. Ne4 Bxe3+ 16. Kh1 b6 17. Nd6 Bc5 18. a3 Bxd6 19. exd6 Bd7 0-1

[Event "*** Titled Tuesday Blitz"]
[Site "Chess.com"]
[Date "2020.05.12"]
[Round "4"]
[White "gmcorrales"]
[Black "Mouse-Sleep"]
[Result "1-0"]
[WhiteElo "2790"]
[BlackElo "2514"]
[TimeControl "180+1"]
[EndTime "10:36:46 PDT"]
[Termination "gmcorrales won on time"]

1. e4 c5 2. Nf3 d6 3. d4 cxd4 4. Nxd4 Nf6 5. Nc3 g6 6. Be3 Bg7 7. f3 O-O 8. Qd2 Nc6 9. O-O-O d5 10. exd5 Nxd5 11. Nxc6 bxc6 12. Bd4 Nxc3 13. Qxc3 Bh6+ 14.
Be3 Bxe3+ 15. Qxe3 Qb6 16. Qxe7 Be6 17. Qa3 Rad8 18.
Bd3 Rd5 19. Rde1 Ra5 20. Qc3 Rxa2 21. b3 Ra5 22. Kb2 Rb8 23. Ra1 Rc5 24. Ra6 Rxc3 25. Rxb6 axb6 26. Kxc3 Kf8 27. Ra1 Ke7 28. Ra7+ Kd6 29.
Bc4 c5 30. Bxe6 Kxe6 31. Kc4 Rd8 32. Rb7 Rd2 33. Rxb6+ Kf5 34. Kc3 Rxg2 35. Rc6 Rxh2 36. Rxc5+ Kf4 37. b4 Rh1 38. Kb2 Kxf3 39. b5 Rh4 40. Rc3+ Ke2 41. b6 1-0

[Event "*** Titled Tuesday Blitz"]
[Site "Chess.com"]
[Date "2020.05.12"]
[Round "4"]
[White "Jbd735"]
[Black "konradrutkowski"]
[Result "1-0"]
[WhiteElo "2440"]
[BlackElo "2251"]
[TimeControl "180+1"]
[EndTime "10:36:47 PDT"]
[Termination "Jbd735 won by resignation"]

1. e4 e5 2. Nf3 Nc6 3. Bb5 a6 4. Ba4 Nf6 5. O-O Be7 6. Re1 b5 7. Bb3 O-O 8. a4 Bb7 9. d3 d5 10. exd5 Nxd5 11. Nxe5 Nd4 12. axb5 Nxb3 13. cxb3 axb5 14.
Rxa8 Bxa8 15. Nc3 b4 16. Ne4 f5 17. Nd2 g5 18. Ndc4 c5 19. Qh5 f4 20. Ng6 Bf6 21. Nxf8 Qxf8 22. Re8 1-0

[Event "*** Titled Tuesday Blitz"]
[Site "Chess.com"]
[Date "2020.05.12"]
[Round "4"]
[White "AGW2016"]
[Black "ARMQUEEN"]
[Result "0-1"]
[WhiteElo "2115"]
[BlackElo "2339"]
[TimeControl "180+1"]
[EndTime "10:36:50 PDT"]
[Termination "ARMQUEEN won by resignation"]

1. e4 e5 2. Nf3 Nf6 3. Nxe5 d6 4. Nf3 Nxe4 5. d3 Nf6 6. d4 d5 7. Bd3 Bd6 8. Qe2+ Be6 9. Ng5 Qd7 10. Nxe6 fxe6 11. O-O O-O 12. c3 c5 13. Nd2 cxd4 14. cxd4 Nc6 15. Nf3 Rae8 16. Bd2 Bc7 17. Bc3 Qd6 18.
Ne5 Nd7 19. f4 Bb6 20. Qh5 Nf6 21. Qg5 Nxd4 22. Kh1 Ne4 23. Bxe4 dxe4 24. Rad1 Rf5 25. Qg4 Ref8 26. g3 e3 27. Bxd4 Bxd4 28. Qf3 Rxe5 29.
fxe5 Rxf3 30. exd6 e2 31. Rfe1 exd1=Q 32. Rxd1 e5 33.
Rc1 Rf8 34. Rc7 Rd8 35. d7 Kf7 36. Rxb7 Ke7 37. Kg2 Rxd7 38. Rb8 e4 39. Kf1 Kd6 40.
Ke2 Kd5 41. Rb5+ Kc4 42. Rb8 Bc5 43. Rf8 e3 0-1

[Event "*** Titled Tuesday Blitz"]
[Site "Chess.com"]
[Date "2020.05.12"]
[Round "4"]
[White "LiemLe"]
[Black "fm_magua"]
[Result "1-0"]
[WhiteElo "2948"]
[BlackElo "2551"]
[TimeControl "180+1"]
[EndTime "10:36:51 PDT"]
[Termination "LiemLe won by resignation"]

1. c4 g6 2. Nc3 Bg7 3. d4 d6 4. e4 Nf6 5. Nf3 O-O 6. h3 e5 7. d5 a5 8. g4 Na6 9. Be3 Nc5 10. Nd2 c6 11. Be2 cxd5 12. cxd5 b5 13. Bxb5 Ba6 14.
Bxc5 dxc5 15. a4 Bxb5 16. axb5 Ne8 17. Nc4 f5 18. gxf5 gxf5 19. d6 Kh8 20. Rg1 Qh4 21.
Qd3 fxe4 22. Nxe4 Nf6 23. Nxf6 Bxf6 24. Rg4 Qh6 25. Qe3 Qh5 26. Rd1 Bh4 27. Rd2 e4 28.
d7 Bf6 29. Qxe4 Qxh3 30. Rd6 Qh6 31. Ke2 Qh2 32. Rxf6 Rxf6 33. Qxa8+ 1-0

[Event "*** Titled Tuesday Blitz"]
[Site "Chess.com"]
[Date "2020.05.12"]
[Round "4"]
[White "Charlottemillard17"]
[Black "Chichin_chao"]
[Result "0-1"]
[WhiteElo "1402"]
[BlackElo "2356"]
[TimeControl "180+1"]
[EndTime "10:36:51 PDT"]
[Termination "Chichin_chao won by checkmate"]

1. e4 c5 2. Nf3 e6 3. d4 cxd4 4.
Nxd4 a6 5. Nc3 Qc7 6. f4 Nc6 7. Nb3 d6 8. Be2 Nf6 9. O-O b5 10. Bf3 Bb7 11. Re1 Nd7 12. a3 Be7 13. Kh1 h6 14.
Bd2 g5 15. fxg5 hxg5 16. h3 Nde5 17. Rf1 Nxf3 18. Qxf3 Ne5 19. Qf2 g4 20. Nd4 gxh3 21. gxh3 Rxh3+ 22. Kg2 Rh7 23. Nf3 Rg7+ 24. Kh1 O-O-O 25.
Nxe5 Rh8+ 26. Qh2 Rxh2+ 27. Kxh2 dxe5 28. Rf2 Qd8 29. Raf1 Qh8+ 30. Bh6 Qxh6# 0-1

[Event "*** Titled Tuesday Blitz"]
[Site "Chess.com"]
[Date "2020.05.12"]
[Round "4"]
[White "GMStefanova"]
[Black "WeAintSurePal"]
[Result "1-0"]
[WhiteElo "2656"]
[BlackElo "2342"]
[TimeControl "180+1"]
[EndTime "10:36:53 PDT"]
[Termination "GMStefanova won by resignation"]

1. d4 d5 2. Nf3 Nf6 3. c4 e6 4. g3 dxc4 5. Bg2 c5 6. O-O Nc6 7. dxc5 Qxd1 8. Rxd1 Bxc5 9. Nbd2 c3 10. bxc3 O-O 11.
Nb3 Be7 12. c4 Ne4 13. Bb2 a5 14. Nfd4 Nxd4 15. Nxd4 Nc5 16. Nb5 Na4 17. Be5 f6 18. Bd6 Bxd6 19. Rxd6 Ra6 20. Rad1 Kf7 21. Bxb7 Bxb7 22.
Rd7+ Kg6 23. Rxb7 Rf7 24. Rxf7 Kxf7 25. Rd7+ Kg6 26. Rc7 Rb6 27. h4 Nb2 28. Nd4 Rd6 29.
Nf3 Rd1+ 30. Kg2 Rc1 31. c5 Rc2 32. Nd4 Rc4 33. Nxe6 1-0